3L
MONTANA PANDAS @ WIZARDING EXPRESS
08/17/2034
 
TOP OF THE 1ST
Montana Pandas batting - Pitching for Wizarding Express : RHP Damien Hayward
Pitching: RHP Damien Hayward
Batting: RHB Juanito González 0-0: Called Strike
0-1: Called Strike
0-2: Strikes out swinging, 2-3 out at first.
Batting: RHB Juan Jose Ayala 0-0: Ball
1-0: Ball
2-0: Swinging Strike
2-1: Ball
3-1: Swinging Strike
3-2: Foul Ball, location: 2F
3-2: Base on Balls
Batting: RHB Mario Castillo 0-0: Ball
1-0: Ball
2-0: Foul Ball, location: 2F
2-1: SINGLE (Line Drive, 78S)
Juan Jose Ayala to second
Batting: LHB Preston Witt 0-0: Called Strike
0-1: Called Strike
0-2: Foul Ball, location: 2F
0-2: Ball
1-2: Ball
2-2: Foul Ball, location: 2F
2-2: Fly out, F8 (Flyball, 8LD)
Batting: RHB António Martínez 0-0: Ball
1-0: Ground out 1-3 (Groundball, 13S)
Top of the 1st over - 0 runs, 1 hit, 0 errors, 2 left on base; Montana 0 - Wizarding 0
BOTTOM OF THE 1ST
Wizarding Express batting - Pitching for Montana Pandas : RHP Yoo-chul Mun
Pitching: RHP Yoo-chul Mun
Batting: LHB Jesús Lazcano 0-0: Ball
1-0: Foul Ball, location: 2F
1-1: Ball
2-1: Foul Ball, location: 2F
2-2: Ball
3-2: Foul Ball, location: 2F
3-2: Foul Ball, location: 2F
3-2: Ground out 5-3 (Groundball, 2L)
Batting: RHB Ralph Cranford 0-0: Ball
1-0: DOUBLE (Line Drive, 8LXD)
Batting: RHB Robinson Barquero 0-0: Swinging Strike
0-1: Ball
1-1: Ball
2-1: Ball
3-1: Ground out 6-3 (Groundball, 6MS)
Ralph Cranford to third
Batting: LHB Jin-yong Myung 0-0: Ball
1-0: Called Strike
1-1: Ball
2-1: Foul Ball, location: 2F
2-2: Strikes out swinging
Bottom of the 1st over - 0 runs, 1 hit, 0 errors, 1 left on base; Montana 0 - Wizarding 0
TOP OF THE 2ND
Montana Pandas batting - Pitching for Wizarding Express : RHP Damien Hayward
Batting: LHB Mysterious Walker 0-0: Ball
1-0: Ball
2-0: Called Strike
2-1: Swinging Strike
2-2: Ball
3-2: Foul Ball, location: 2F
3-2: SINGLE (Line Drive, 4MD)
Batting: RHB Gabriel Maldonado 0-0: Swinging Strike
0-1: Ball
1-1: Foul Ball, location: 2F
1-2: Ball
2-2: SINGLE (Groundball, 34D)
Mysterious Walker to second
Runner from 2nd tries for 3rd, SAFE, no throw
Batting: LHB César Gómes 0-0: Ball
1-0: Called Strike
1-1: Reached via error on a dropped throw, E4
Mysterious Walker scores
Gabriel Maldonado to second
Batting: RHB Xi-ku See-to 0-0: Ball
1-0: Called Strike
1-1: Called Strike
1-2: Grounds into double play, 6-4-3 (Groundball, 6)
Gabriel Maldonado to third
Batting: RHB Juanito González 0-0: Ground out U3 (Groundball, 34)
Top of the 2nd over - 1 run, 2 hits, 1 error, 1 left on base; Montana 1 - Wizarding 0
BOTTOM OF THE 2ND
Wizarding Express batting - Pitching for Montana Pandas : RHP Yoo-chul Mun
Batting: LHB Adrian McCoy 0-0: Ball
1-0: Ball
2-0: Ball
3-0: Base on Balls
Batting: SHB Salvador Trevino 0-0: Ball
1-0: Called Strike
Throwing error on steal attempt, E2
Adrian McCoy to third
1-1: Called Strike
1-2: Foul Ball, location: 2F
1-2: Foul Ball, location: 2F
1-2: Ball
2-2: Hit by Pitch
Batting: RHB Louis Gibbons 0-0: Ball
1-0: Ball
2-0: Ball
3-0: Base on Balls
Salvador Trevino to second
Batting: LHB António Boccanegra 0-0: Ball
1-0: Ball
2-0: Foul Ball, location: 2F
2-1: DOUBLE (Line Drive, 78XD)
Adrian McCoy scores
Salvador Trevino scores
Louis Gibbons to third
Runner from 3rd tries for Home, throw and OUT!
Batting: RHB Panas Pletnev 0-0: Ball
1-0: SINGLE (Groundball, 6MD)
António Boccanegra to third
Batting: LHB Jesús Lazcano 0-0: Called Strike
0-1: Fly out, F9 (Flyball, 9D)
Runner from 3rd tags up, SCORES, no throw
Batting: RHB Ralph Cranford 0-0: Ball
1-0: Ball
2-0: Ball
3-0: Fielders Choice at 2nd, 6-4 (Groundball, 6)
Bottom of the 2nd over - 3 runs, 2 hits, 1 error, 1 left on base; Montana 1 - Wizarding 3
TOP OF THE 3RD
Montana Pandas batting - Pitching for Wizarding Express : RHP Damien Hayward
Batting: RHB Juan Jose Ayala 0-0: Called Strike
0-1: Ball
1-1: Fly out, F7 (Flyball, 78S)
Batting: RHB Mario Castillo 0-0: Ball
1-0: Ground out 5-3 (Groundball, 56S)
Batting: LHB Preston Witt 0-0: Ball
1-0: Foul Ball, location: 2F
1-1: Ball
2-1: Foul Ball, location: 2F
2-2: SINGLE (Line Drive, 6)
Batting: RHB António Martínez 0-0: Fielders Choice at 2nd, 6-4 (Groundball, 6)
Top of the 3rd over - 0 runs, 1 hit, 0 errors, 1 left on base; Montana 1 - Wizarding 3
BOTTOM OF THE 3RD
Wizarding Express batting - Pitching for Montana Pandas : RHP Yoo-chul Mun
Batting: RHB Robinson Barquero 0-0: Ground out 4-3 (Groundball, 4)
Batting: LHB Jin-yong Myung 0-0: Foul Ball, location: 2F
0-1: SOLO HOME RUN (Flyball, 9LD), Distance : 330 ft
Batting: LHB Adrian McCoy 0-0: Foul Ball, location: 2F
0-1: Called Strike
0-2: Ball
1-2: Foul Ball, location: 2F
1-2: Strikes out swinging
Batting: SHB Salvador Trevino 0-0: Ball
1-0: Ball
2-0: Called Strike
2-1: Swinging Strike
2-2: Ground out U3 (Groundball, 3L)
Bottom of the 3rd over - 1 run, 1 hit, 0 errors, 0 left on base; Montana 1 - Wizarding 4
TOP OF THE 4TH
Montana Pandas batting - Pitching for Wizarding Express : RHP Damien Hayward
Batting: LHB Mysterious Walker 0-0: Called Strike
0-1: Ground out U3 (Groundball, 3)
Batting: RHB Gabriel Maldonado 0-0: Called Strike
0-1: Ball
1-1: Swinging Strike
1-2: Foul Ball, location: 2F
1-2: Ball
2-2: Ball
3-2: Strikes out swinging
Batting: LHB César Gómes 0-0: Bunt for hit - play at first, batter safe!
Batting: RHB Xi-ku See-to 0-0: Ball
César Gómes steals 2nd base
1-0: Ball
2-0: TRIPLE (Flyball, 8RXD)
César Gómes scores
Batting: RHB Juanito González 0-0: Foul Ball, location: 2F
0-1: Ball
1-1: Ball
2-1: Ball
3-1: Base on Balls
Batting: RHB Juan Jose Ayala 0-0: Ball
1-0: Called Strike
1-1: Fly out, F4 (Line Drive, 34D)
Top of the 4th over - 1 run, 2 hits, 0 errors, 2 left on base; Montana 2 - Wizarding 4
BOTTOM OF THE 4TH
Wizarding Express batting - Pitching for Montana Pandas : RHP Yoo-chul Mun
Batting: RHB Louis Gibbons 0-0: Ball
1-0: Ball
2-0: Ball
3-0: Base on Balls
Batting: LHB António Boccanegra 0-0: Called Strike
Pickoff Throw to First - Error! E1
Louis Gibbons to second
0-1: Swinging Strike
0-2: Ball
1-2: Strikes out swinging
Batting: RHB Panas Pletnev 0-0: Called Strike
0-1: Ball
1-1: Foul Ball, location: 2F
1-2: Ball
2-2: Ball
3-2: Strikes out looking
Batting: LHB Jesús Lazcano 0-0: Ball
1-0: Swinging Strike
1-1: DOUBLE (Line Drive, 9LM)
Louis Gibbons scores
Pitching: RHP Ieyoshi Asai
Batting: RHB Ralph Cranford 0-0: Swinging Strike
0-1: Ball
1-1: Ball
2-1: Ball
3-1: Foul Ball, location: 2F
3-2: Foul Ball, location: 2F
3-2: SINGLE (Flyball, 9S)
Jesús Lazcano to third
Jesús Lazcano scores
Batting: RHB Robinson Barquero 0-0: Ball
1-0: Called Strike
1-1: Fly out, F9 (Line Drive, 9)
Bottom of the 4th over - 2 runs, 2 hits, 1 error, 1 left on base; Montana 2 - Wizarding 6
TOP OF THE 5TH
Montana Pandas batting - Pitching for Wizarding Express : RHP Damien Hayward
Batting: RHB Mario Castillo 0-0: Ball
1-0: SOLO HOME RUN (Line Drive, 7D), Distance : 355 ft
Batting: LHB Preston Witt 0-0: Foul Ball, location: 2F
0-1: Swinging Strike
0-2: Ball
1-2: Ground out 1-3 (Groundball, 13S)
Batting: RHB António Martínez 0-0: Foul Ball, location: 2F
0-1: Ball
1-1: Ball
2-1: DOUBLE (Groundball, 5L)
Batting: LHB Mysterious Walker 0-0: Called Strike
0-1: SINGLE (Flyball, 8RS)
António Martínez to third
Batting: RHB Gabriel Maldonado 0-0: Called Strike
0-1: Ball
1-1: Ball
2-1: SINGLE (Groundball, 56D)
António Martínez scores
Mysterious Walker to second
Batting: LHB César Gómes 0-0: Ball
1-0: Fielders Choice at 2nd, 1-6 (Groundball, P)
Mysterious Walker to third
Batting: RHB Xi-ku See-to 0-0: Ball
1-0: Ball
2-0: Ball
3-0: Called Strike
3-1: Ground out 5-3 (Groundball, 56S)
Top of the 5th over - 2 runs, 4 hits, 0 errors, 2 left on base; Montana 4 - Wizarding 6
BOTTOM OF THE 5TH
Wizarding Express batting - Pitching for Montana Pandas : RHP Ieyoshi Asai
Batting: LHB Jin-yong Myung 0-0: Ball
1-0: Called Strike
1-1: Fly out, F8 (Flyball, 8RD)
Batting: LHB Adrian McCoy 0-0: Ball
1-0: Foul Ball, location: 2F
1-1: Ball
2-1: Ball
3-1: Base on Balls
Batting: SHB Salvador Trevino 0-0: Ball
1-0: Called Strike
1-1: SINGLE (Groundball, 6MD)
Adrian McCoy to second
Batting: RHB Louis Gibbons 0-0: Called Strike
0-1: Ball
1-1: Foul Ball, location: 2F
1-2: Strikes out looking
Batting: LHB António Boccanegra 0-0: Swinging Strike
0-1: Called Strike
0-2: Strikes out swinging
Bottom of the 5th over - 0 runs, 1 hit, 0 errors, 2 left on base; Montana 4 - Wizarding 6
TOP OF THE 6TH
Montana Pandas batting - Pitching for Wizarding Express : RHP Damien Hayward
Batting: RHB Juanito González 0-0: Ball
1-0: Ball
2-0: Swinging Strike
2-1: DOUBLE (Line Drive, 7LD)
Pitching: RHP Marv Bradford
Batting: RHB Juan Jose Ayala 0-0: Ball
1-0: Ball
2-0: Ground out 4-3 (Groundball, 4M)
Juanito González to third
Batting: RHB Mario Castillo 0-0: Called Strike
0-1: Foul Ball, location: 2F
0-2: Ball
1-2: SINGLE (Line Drive, 78M)
Juanito González scores
Batting: LHB Preston Witt 0-0: Foul Ball, location: 2F
0-1: Ball
1-1: Ball
2-1: Fly out, F8 (Flyball, 8LS)
Batting: RHB António Martínez 0-0: Ball
1-0: Called Strike
1-1: Foul Ball, location: 2F
1-2: Ball
2-2: Ball
3-2: Base on Balls
Mario Castillo to second
Batting: LHB Mysterious Walker 0-0: Ball
1-0: Foul Ball, location: 2F
1-1: Ball
2-1: Ball
3-1: Fielders Choice at 2nd, 6-4 (Groundball, 6)
Top of the 6th over - 1 run, 2 hits, 0 errors, 2 left on base; Montana 5 - Wizarding 6
BOTTOM OF THE 6TH
Wizarding Express batting - Pitching for Montana Pandas : RHP Ieyoshi Asai
Batting: RHB Panas Pletnev 0-0: Fly out, F4 (Flyball, 4MD)
Batting: LHB Jesús Lazcano 0-0: Ground out 3-1 (Groundball, 34)
Batting: RHB Ralph Cranford 0-0: Ball
1-0: Ground out 6-3 (Groundball, 6)
Bottom of the 6th over - 0 runs, 0 hits, 0 errors, 0 left on base; Montana 5 - Wizarding 6
TOP OF THE 7TH
Montana Pandas batting - Pitching for Wizarding Express : RHP Marv Bradford
Batting: RHB Gabriel Maldonado 0-0: Ball
1-0: Ball
2-0: SINGLE (Groundball, 56D)
Pinch Hitting: LHB Dewitt Hopper 0-0: Fly out, F7 (Line Drive, 7)
Batting: RHB Xi-ku See-to 0-0: Called Strike
0-1: Ball
1-1: Foul Ball, location: 2F
1-2: Ball
2-2: Fly out, F2 (Popup, 2RF)
Batting: RHB Juanito González 0-0: Ball
1-0: Foul Ball, location: 2F
1-1: Called Strike
1-2: Foul Ball, location: 2F
1-2: SINGLE (Line Drive, 7LS)
Gabriel Maldonado to second
Batting: RHB Juan Jose Ayala 0-0: Called Strike
0-1: Fielders Choice at 2nd, 5-4 (Groundball, 5)
Top of the 7th over - 0 runs, 2 hits, 0 errors, 2 left on base; Montana 5 - Wizarding 6
BOTTOM OF THE 7TH
Wizarding Express batting - Pitching for Montana Pandas : RHP Ieyoshi Asai
Now in RF: Dewitt Hopper
Batting: RHB Robinson Barquero 0-0: Ball
1-0: Called Strike
1-1: Called Strike
1-2: Ball
2-2: Foul Ball, location: 2F
2-2: Ball
3-2: Ground out 6-3 (Groundball, 6)
Batting: LHB Jin-yong Myung 0-0: Ball
1-0: Called Strike
1-1: Ball
2-1: Ground out U3 (Groundball, 34)
Batting: LHB Adrian McCoy 0-0: Called Strike
0-1: Ball
1-1: Fly out, F5 (Popup, 25F)
Bottom of the 7th over - 0 runs, 0 hits, 0 errors, 0 left on base; Montana 5 - Wizarding 6
TOP OF THE 8TH
Montana Pandas batting - Pitching for Wizarding Express : RHP Marv Bradford
Now at 1B: Paul Penrice
Batting: RHB Mario Castillo 0-0: Ball
1-0: Ball
2-0: Ball
3-0: Called Strike
3-1: Foul Ball, location: 2F
3-2: Strikes out swinging
Pitching: RHP Carlos Salcido
Batting: LHB Preston Witt 0-0: Foul Ball, location: 2F
0-1: Ball
1-1: Foul Ball, location: 2F
1-2: Strikes out looking
Batting: RHB António Martínez 0-0: Called Strike
0-1: Ball
1-1: Called Strike
1-2: Ball
2-2: Strikes out looking
Top of the 8th over - 0 runs, 0 hits, 0 errors, 0 left on base; Montana 5 - Wizarding 6
BOTTOM OF THE 8TH
Wizarding Express batting - Pitching for Montana Pandas : RHP Ieyoshi Asai
Pitching: RHP Yeon-kyu Kim
Batting: SHB Salvador Trevino 0-0: Ball
1-0: Fly out, F5 (Flyball, 56D)
Batting: RHB Louis Gibbons 0-0: Ball
1-0: Ball
2-0: Foul Ball, location: 2F
2-1: Ball
3-1: Base on Balls
Batting: LHB António Boccanegra 0-0: Called Strike
0-1: Called Strike
0-2: Ball
1-2: Strikes out swinging
Batting: RHB Panas Pletnev 0-0: Foul Ball, location: 2F
0-1: Ball
1-1: Fielders Choice at 2nd, 5-4 (Groundball, 5L)
Bottom of the 8th over - 0 runs, 0 hits, 0 errors, 1 left on base; Montana 5 - Wizarding 6
TOP OF THE 9TH
Montana Pandas batting - Pitching for Wizarding Express : RHP Carlos Salcido
Batting: LHB Mysterious Walker 0-0: Called Strike
0-1: Ball
1-1: Ball
2-1: SINGLE (Groundball, 34S) (infield hit)
Batting: RHB Gabriel Maldonado 0-0: Called Strike
0-1: Ball
1-1: SINGLE (Line Drive, 6D)
Mysterious Walker to second
Batting: LHB Dewitt Hopper 0-0: Ball
1-0: Ground out 3-1 (Groundball, 34S)
Mysterious Walker to third
Gabriel Maldonado to second
Batting: RHB Xi-ku See-to 0-0: Called Strike
0-1: Ball
1-1: Ball
2-1: Foul Ball, location: 2F
2-2: Strikes out swinging
Batting: RHB Juanito González 0-0: Ball
1-0: Ground out 5-3 (Groundball, 56S)
Top of the 9th over - 0 runs, 2 hits, 0 errors, 2 left on base; Montana 5 - Wizarding 6
Friday, March 29th, 2019 - OOTP Baseball 18.8 Build 76